 Dungeon Crawl Stone Soup version 0.29.1-2-gbd0b4ee654 (webtiles) character file.

Game seed: 7037207419875654576

126 GorkyZ the Trooper (level 4, 0/37 HPs)
             Began as a Demonspawn Fighter on Nov 20, 2022.
             Slain by ymhsbmbesitwf's ghost (2 damage)
             ... on level 3 of the Dungeon.
             The game lasted 00:06:12 (1984 turns).

GorkyZ the Trooper (Demonspawn Fighter)             Turns: 1984, Time: 00:06:13

Health: 0/37       AC: 14    Str: 18    XL:     4   Next: 83%
Magic:  4/4        EV:  5    Int:  9    God:
Gold:   82         SH:  4    Dex: 13    Spells: 3/3 levels left

rFire   . . .      SeeInvis .   n - +0 halberd
rCold   . . .      Faith    .   (shield currently unavailable)
rNeg    . . .      Spirit   .   o - +0 plate armour
rPois   .          Reflect  .   (no helmet)
rElec   .          Harm     .   (no cloak)
rCorr   .          Rampage  .   (no gloves)
Will    .....                   g - +0 pair of boots
Stlth   ..........              (no amulet)
HPRegen 0.12/turn               (no ring)
MPRegen 0.09/turn               (no ring)

@: no status effects
A: icy blue scales 1, condensation shield
a: no special abilities


You were on level 3 of the Dungeon.
You visited 1 branch of the dungeon, and saw 3 of its levels.

You collected 82 gold pieces.

Inventory:

Hand Weapons
 a - a +0 trident
 m - a +0 spear
 n - a +0 halberd (weapon)
Missiles
 p - 5 boomerangs (quivered)
Armour
 b - a +0 scale mail
 c - a +0 buckler
 g - a +0 pair of boots (worn)
 o - a +0 plate armour (worn)
Scrolls
 e - a scroll of teleportation {unknown}
 f - 2 scrolls of identify {unknown}
 h - a scroll of blinking {unknown}
 i - a scroll of enchant weapon {unknown}
 r - a scroll of noise {unknown}
Potions
 d - a potion of might
 j - a potion of ambrosia {unknown}
 k - a potion of heal wounds {unknown}
 l - 2 potions of curing {unknown}
 q - a potion of lignification {unknown}


   Skills:
 + Level 3.7 Fighting
 - Level 1.7 Polearms
 + Level 1.9 Throwing
 + Level 3.4 Armour
 - Level 2.6 Shields
 + Level 2.1 Evocations


You had 3 spell levels left.
You didn't know any spells.
Your spell library was empty.

Dungeon Overview and Level Annotations

Branches:
Dungeon (3/15)

Altars:

Annotations:
D:3 ymhsbmbesitwf's ghost, amateur MfGl


Innate Abilities, Weirdness & Mutations

You are partially covered in icy blue scales. (AC +2)
A meltable shield of frost defends you. (SH +4)


Message History

You miss the adder. The adder bites you.
You are poisoned.
The adder poisons you! The adder barely misses you.
You slash the adder!
You kill the adder!
You feel sick.
You miss ymhsbmbesitwf's ghost.
You feel sick. Ymhsbmbesitwf's ghost hits you.
You miss ymhsbmbesitwf's ghost.
You feel sick.
You are no longer poisoned.
Ymhsbmbesitwf's ghost hits you. x2
You closely miss ymhsbmbesitwf's ghost.
Ymhsbmbesitwf's ghost hits you but does no damage.
You barely miss ymhsbmbesitwf's ghost.
Ymhsbmbesitwf's ghost hits you but does no damage.
Ymhsbmbesitwf's ghost hits you!
You closely miss ymhsbmbesitwf's ghost. Ymhsbmbesitwf's ghost hits you.
* * * LOW HITPOINT WARNING * * *
You miss ymhsbmbesitwf's ghost.
Ymhsbmbesitwf's ghost hits you but does no damage.
You miss ymhsbmbesitwf's ghost.
Ymhsbmbesitwf's ghost hits you but does no damage. x2
You slash ymhsbmbesitwf's ghost!
Ymhsbmbesitwf's ghost is moderately damaged.
Ymhsbmbesitwf's ghost hits you but does no damage.
You closely miss ymhsbmbesitwf's ghost.
Ymhsbmbesitwf's ghost is moderately damaged.
Ymhsbmbesitwf's ghost hits you!
* * * LOW HITPOINT WARNING * * *
Ymhsbmbesitwf's ghost barely misses you.
You hit ymhsbmbesitwf's ghost but do no damage.
Ymhsbmbesitwf's ghost is moderately damaged.
Ymhsbmbesitwf's ghost hits you but does no damage.
You barely miss ymhsbmbesitwf's ghost.
Ymhsbmbesitwf's ghost is moderately damaged.
You block ymhsbmbesitwf's ghost's attack.
Ymhsbmbesitwf's ghost hits you but does no damage.
You barely miss ymhsbmbesitwf's ghost.
Ymhsbmbesitwf's ghost is lightly damaged.
Ymhsbmbesitwf's ghost hits you.
You die...

#(..........##.#
#..........##.########
#.............†.†....#
####.........###........#
...............#........#
###########.............#
#.........(...#
#......########
#.....@W~~~~[~
####.#.####### #.#..##
#.#### #.# #.# #.# #.


You could see ymhsbmbesitwf's ghost.

Vanquished Creatures
  5 adders
  3 gnolls (D:2)
  2 worms (D:2)
  3 orcs (D:3)
  5 bats (D:2)
  2 endoplasms
  2 giant cockroaches
  6 goblins
  3 hobgoblins
  6 kobolds
  A quokka (D:2)
  2 ball pythons
  3 frilled lizards
  5 rats
48 creatures vanquished.

Notes
Turn   | Place    | Note
-------+----------+-------------------------------------------
     0 | D:1      | GorkyZ the Demonspawn Fighter began the quest for the Orb.
     0 | D:1      | Reached XP level 1. HP: 18/18 MP: 1/1
   171 | D:1      | Found a faded altar of an unknown god.
   267 | D:1      | Gained mutation: You are partially covered in icy blue
                  | scales. (AC +2) [demonic ancestry]
   267 | D:1      | Reached XP level 2. HP: 24/24 MP: 2/2
   798 | D:2      | Reached skill level 1 in Throwing
   798 | D:2      | Reached skill level 1 in Evocations
   869 | D:2      | Reached XP level 3. HP: 27/29 MP: 3/3
  1428 | D:2      | Gained mutation: A meltable shield of frost defends you.
                  | (SH +4) [demonic ancestry]
  1428 | D:2      | Reached XP level 4. HP: 33/35 MP: 4/4
  1888 | D:3      | Found a runed translucent door.
  1949 | D:3      | Noticed ymhsbmbesitwf's ghost (amateur MfGl)
  1984 | D:3      | Slain by ymhsbmbesitwf's ghost

Illustrated notes

Levels and vault maps discovered:
D:1:      lightli_molten_gateway, layout_loops_ring,
          shapermc_ecumenical_altar_mp_vishouse
D:2:      layout_basic
D:3:      layout_basic, ebering_ghost_sewer_d

Skill      XL: |  1  2  3  4 |
---------------+-------------+-----
Throwing       | 1 |  1.9
Armour         | 3 |  3.4
Evocations     | 1 2 |  2.1
Fighting       | |  3.7
Polearms       | |  1.7
Shields        | |  2.6

Action                   |  1- 3 |  4- 6 || total
-------------------------+-------+-------++-------
Melee: Trident           |   121 |       ||   121
       Halberd           |       |    62 ||    62
       Spear             |       |     7 ||     7
Armor: Scale mail        |    52 |     3 ||    55
       Plate armour      |       |    42 ||    42
Dodge: Dodged            |    39 |    22 ||    61
Block: Buckler           |    29 |     1 ||    30
       Other             |       |    13 ||    13
